[ PARTIDA AOE2 · #494409342 ]
UnrankedTupíes vs Georgians
Equipo del jugador · VICT
[ ANÁLISIS DE REPETICIÓN · EXTRAÍDO DE LA PARTIDA GRABADA ]
Feudal
15:00
Castillos
24:33
Imperial
—
| APM promedio | 48.5 |
| APM pico | 82 |
| eAPM promedio | 24.8 |
| Aldeanos / militares | 57 / 8 |
Foco
⚔️ 24.1% · 🌾 75.9%
Skirmisher ×8
Feudal
8:57
Castillos
—
Imperial
—
| APM promedio | 47.1 |
| APM pico | 81 |
| eAPM promedio | 16.3 |
| Aldeanos / militares | 40 / 20 |
Foco
⚔️ 48.7% · 🌾 51.3%
Archer ×14 · Skirmisher ×5 · Scout Cavalry ×1
Mapa de la partida
Recursos iniciales + cada clic de construcción. Líneas = muros · curvas = relieve. ◆ oro · ⬟ piedra · ● bayas · ✦ reliquia · ◌ hueco del cierre
Tu base· Abierta — flanco sin cerrar
Base de PNLN | RobiurasRox· Abierta — hueco de 6t
Terreno inicial suavizado · ◌ = hueco del cierre detectado · pasá el cursor para detalles
Inputs por minuto
— TRUM - - PNLN | RobiurasRox
Build order — TRUM
115 acciones detectadas en el replay
| 0:01 | Crear | Villager (Male) |
| 0:02 | Construir | House |
| 0:03 | Construir | House |
| 0:09 | Crear | Villager (Male) |
| 0:10 | Crear | Villager (Male) |
| 0:10 | Crear | Villager (Male) |
| 0:10 | Crear | Villager (Male) |
| 0:10 | Crear | Villager (Male) |
| 0:59 | Crear | Villager (Male) |
| 0:59 | Crear | Villager (Male) |
| 1:29 | Crear | Villager (Male) |
| 1:29 | Crear | Villager (Male) |
| 1:59 | Crear | Villager (Male) |
| 1:59 | Crear | Villager (Male) |
| 2:53 | Crear | Villager (Male) |
| 3:16 | Crear | Villager (Male) |
| 3:16 | Crear | Villager (Male) |
| 3:26 | Construir | Settlement |
| 3:44 | Crear | Villager (Male) |
| 3:44 | Crear | Villager (Male) |
| 3:45 | Crear | Villager (Male) |
| 4:28 | Crear | Villager (Male) |
| 4:33 | Investigar | Loom |
| 4:33 | Investigar | Loom |
| 4:55 | Crear | Villager (Male) |
| 4:55 | Crear | Villager (Male) |
| 4:55 | Crear | Villager (Male) |
| 5:11 | Crear | Villager (Male) |
| 5:11 | Crear | Villager (Male) |
| 5:11 | Crear | Villager (Male) |
| 5:11 | Crear | Villager (Male) |
| 5:12 | Crear | Villager (Male) |
| 6:22 | Construir | Town Center |
| 7:10 | Crear | Villager (Male) |
| 7:10 | Crear | Villager (Male) |
| 7:11 | Crear | Villager (Male) |
| 7:11 | Crear | Villager (Male) |
| 7:11 | Crear | Villager (Male) |
| 7:11 | Crear | Villager (Male) |
| 7:37 | Construir | Settlement |
| 7:42 | Construir | House |
| 8:53 | Crear | Villager (Male) |
| 8:53 | Crear | Villager (Male) |
| 8:53 | Crear | Villager (Male) |
| 9:06 | Crear | Villager (Male) |
| 9:07 | Crear | Villager (Male) |
| 9:37 | Crear | Villager (Male) |
| 9:38 | Crear | Villager (Male) |
| 10:15 | Crear | Villager (Male) |
| 10:15 | Crear | Villager (Male) |
| 10:15 | Crear | Villager (Male) |
| 10:24 | Construir | Palisade Wall |
| 10:44 | Crear | Villager (Male) |
| 10:57 | Construir | Palisade Gate |
| 11:16 | Crear | Villager (Male) |
| 11:43 | Construir | House |
| 12:17 | Crear | Villager (Male) |
| 12:50 | Investigar | Feudal Age |
| 12:54 | Construir | Settlement |
| 13:19 | Construir | Palisade Wall |
| 13:50 | Construir | Barracks |
| 15:00 | Edad | Edad Feudal |
| 15:03 | Construir | Archery Range |
| 15:16 | Crear | Villager (Male) |
| 15:53 | Investigar | Town Watch |
| 15:53 | Investigar | Town Watch |
| 15:55 | Crear | Skirmisher |
| 15:56 | Crear | Skirmisher |
| 16:08 | Crear | Villager (Male) |
| 16:15 | Construir | Blacksmith |
| 16:21 | Construir | Settlement |
| 16:29 | Crear | Skirmisher |
| 16:34 | Crear | Villager (Male) |
| 16:48 | Construir | Watch Tower |
| 17:00 | Investigar | Padded Archer Armor |
| 17:00 | Investigar | Padded Archer Armor |
| 17:03 | Investigar | Fletching |
| 17:04 | Investigar | Fletching |
| 17:35 | Crear | Skirmisher |
| 17:36 | Crear | Villager (Male) |
| 17:39 | Construir | Farm |
| 17:39 | Construir | Farm |
| 17:40 | Construir | Farm |
| 17:40 | Construir | Farm |
| 17:40 | Construir | Farm |
| 17:51 | Crear | Skirmisher |
| 18:00 | Construir | Farm |
| 18:05 | Construir | Farm |
| 18:19 | Crear | Villager (Male) |
| 18:26 | Investigar | Double-Bit Axe |
| 18:36 | Crear | Villager (Male) |
| 19:00 | Crear | Villager (Male) |
| 19:04 | Construir | Market |
| 19:26 | Crear | Villager (Male) |
| 20:13 | Crear | Skirmisher |
| 20:47 | Construir | Watch Tower |
| 20:59 | Crear | Villager (Male) |
| 21:23 | Construir | Farm |
| 21:23 | Construir | Farm |
| 21:28 | Construir | Farm |
| 21:28 | Construir | Farm |
| 21:53 | Investigar | Castle Age |
| 21:58 | Construir | House |
| 22:02 | Construir | House |
| 22:21 | Crear | Skirmisher |
| 22:30 | Construir | Farm |
| 22:35 | Construir | Farm |
| 22:40 | Investigar | Stone Mining |
| 22:41 | Investigar | Stone Mining |
| 23:00 | Crear | Skirmisher |
| 23:15 | Investigar | Padded Archer Armor |
| 24:33 | Edad | Edad de los Castillos |
| 24:34 | Construir | Castle |
| 25:28 | Crear | Villager (Male) |
| 25:28 | Crear | Villager (Male) |
Build order — PNLN | RobiurasRox
98 acciones detectadas en el replay
| 0:01 | Crear | Villager (Male) ×4 |
| 0:03 | Construir | House |
| 0:04 | Construir | House |
| 1:28 | Crear | Villager (Male) |
| 1:28 | Crear | Villager (Male) |
| 1:54 | Crear | Villager (Male) |
| 1:55 | Crear | Villager (Male) |
| 2:26 | Crear | Villager (Male) |
| 2:52 | Construir | House |
| 2:57 | Crear | Villager (Male) |
| 2:57 | Crear | Villager (Male) |
| 3:18 | Crear | Villager (Male) |
| 3:44 | Crear | Villager (Male) |
| 4:01 | Crear | Villager (Male) |
| 4:23 | Crear | Villager (Male) |
| 4:23 | Crear | Villager (Male) |
| 4:47 | Construir | Mill |
| 5:00 | Crear | Villager (Male) |
| 5:01 | Crear | Villager (Male) |
| 5:05 | Crear | Villager (Male) |
| 5:49 | Investigar | Loom |
| 6:00 | Construir | House |
| 6:16 | Construir | Palisade Wall |
| 6:47 | Investigar | Feudal Age |
| 7:52 | Construir | Barracks |
| 8:25 | Construir | House |
| 8:28 | Construir | House |
| 8:43 | Construir | Palisade Wall |
| 8:57 | Edad | Edad Feudal |
| 9:09 | Construir | Mule Cart |
| 9:11 | Crear | Villager (Male) |
| 9:27 | Construir | Archery Range |
| 10:22 | Crear | Archer |
| 10:34 | Construir | Archery Range |
| 11:14 | Crear | Skirmisher |
| 11:32 | Construir | Mule Cart |
| 11:37 | Crear | Skirmisher |
| 12:26 | Construir | Town Center |
| 12:34 | Crear | Archer |
| 13:35 | Crear | Skirmisher |
| 13:49 | Crear | Villager (Male) |
| 14:08 | Crear | Archer |
| 14:21 | Crear | Villager (Male) |
| 14:21 | Crear | Archer |
| 14:48 | Crear | Archer |
| 15:14 | Crear | Skirmisher |
| 15:46 | Construir | Archery Range |
| 16:37 | Construir | Farm |
| 16:40 | Construir | Farm |
| 16:41 | Construir | Farm |
| 16:42 | Construir | Farm |
| 17:30 | Crear | Villager (Male) |
| 17:33 | Crear | Archer |
| 17:33 | Crear | Skirmisher |
| 17:54 | Crear | Villager (Male) |
| 18:00 | Construir | House |
| 18:01 | Construir | House |
| 18:06 | Investigar | Town Watch |
| 18:09 | Crear | Archer |
| 18:36 | Crear | Villager (Male) |
| 18:54 | Crear | Villager (Male) |
| 19:16 | Construir | Blacksmith |
| 19:28 | Crear | Villager (Male) |
| 19:41 | Crear | Villager (Male) |
| 19:42 | Crear | Archer |
| 19:42 | Crear | Archer |
| 20:08 | Investigar | Fletching |
| 20:08 | Investigar | Fletching |
| 20:11 | Construir | Farm |
| 20:24 | Crear | Archer |
| 20:34 | Crear | Villager (Male) |
| 20:34 | Crear | Villager (Male) |
| 20:36 | Construir | Farm |
| 20:44 | Construir | Farm |
| 21:07 | Crear | Villager (Male) |
| 21:28 | Construir | House |
| 21:35 | Crear | Villager (Male) |
| 21:39 | Construir | Market |
| 21:53 | Construir | House |
| 21:55 | Construir | Palisade Wall |
| 22:01 | Crear | Villager (Male) |
| 22:18 | Crear | Villager (Male) |
| 22:20 | Crear | Archer |
| 22:20 | Crear | Archer |
| 22:44 | Construir | Stable |
| 22:55 | Construir | House |
| 22:56 | Construir | House |
| 22:57 | Crear | Villager (Male) |
| 23:10 | Construir | Farm |
| 23:20 | Crear | Villager (Male) |
| 23:48 | Construir | House |
| 24:00 | Crear | Villager (Male) |
| 24:00 | Crear | Villager (Male) |
| 24:33 | Crear | Scout Cavalry |
| 24:46 | Crear | Villager (Male) |
| 25:13 | Crear | Villager (Male) |
| 25:14 | Crear | Archer |
| 25:15 | Crear | Archer |
Cronología de la partida
| 6:16 | PNLN | RobiurasRox · wall_segment Palisade Wall x5 |
| 7:52 | PNLN | RobiurasRox · first_building Barracks |
| 8:43 | PNLN | RobiurasRox · wall_segment Palisade Wall x3 |
| 8:57 | PNLN | RobiurasRox · age_up feudal |
| 9:27 | PNLN | RobiurasRox · first_building Archery Range |
| 10:24 | TRUM · wall_segment Palisade Wall x5 |
| 13:19 | TRUM · wall_segment Palisade Wall x1 |
| 13:50 | TRUM · first_building Barracks |
| 15:00 | TRUM · age_up feudal |
| 15:03 | TRUM · first_building Archery Range |
| 21:36 | TRUM · first_market_sell 100 wood |
| 21:39 | TRUM · first_market_buy 100 food |
| 21:55 | PNLN | RobiurasRox · wall_segment Palisade Wall x7 |
| 22:41 | PNLN | RobiurasRox · first_market_buy 100 food |
| 22:44 | PNLN | RobiurasRox · first_building Stable |
| 23:42 | PNLN | RobiurasRox · first_market_sell 100 wood |
| 24:33 | TRUM · age_up castle |
| 24:34 | TRUM · first_building Castle |
| 25:35 | PNLN | RobiurasRox · resign |
[ ANÁLISIS IA · 1 CRÉDITO ]
¿Qué pasó realmente en esta partida?
Wolo.gg analiza cada decisión: build order, eco, micro, errores típicos por bracket. Análisis personalizado por WhatsApp o Discord en 30 segundos.
Guía civ
Tupíes
Perfil
TRUM